 Dungeon Crawl Stone Soup version 0.27-a0-1137-g3ef0f4ec91 (webtiles) character file.

Game seed: 9384304385560771982

501 kae the Slasher (level 6, -4/47 HPs)
             Began as a Demonspawn Abyssal Knight on May 6, 2021.
             Was a Believer of Lugonu.
             Slain by a water moccasin (8 damage)
             ... on level 6 of the Dungeon.
             The game lasted 00:02:46 (3977 turns).

kae the Slasher (Demonspawn Abyssal Knight)         Turns: 3977, Time: 00:02:47

Health: -4/47      AC:  5    Str: 14    XL:     6   Next: 95%
Magic:  7/7        EV: 11    Int: 14    God:    Lugonu [**....]
Gold:   221        SH:  0    Dex: 12    Spells: 5/5 levels left

rFire    . . .     SeeInvis .   a - +1 falchion (freeze)
rCold    . . .     Faith    .   (no shield)
rNeg     . . .     Spirit   .   b - +0 leather armour
rPois    .         Reflect  .   (helmet restricted)
rElec    .         Harm     .   (no cloak)
rCorr    .         Rampage  .   (no gloves)
Will     .....                  (no boots)
Stlth    +.........             (no amulet)
HPRegen  0.15/turn              (no ring)
MPRegen  0.10/turn              (no ring)

@: lethally poisoned (-4 -> -12)
A: horns 1, slimy green scales 1, powered by death 1
a: Renounce Religion, Depart the Abyss, Bend Space


You were on level 6 of the Dungeon.
You worshipped Lugonu.
Lugonu was pleased with you.
You visited 1 branch of the dungeon, and saw 5 of its levels.
You visited the Abyss 1 time.
You also visited: Sewer.

You collected 221 gold pieces.

Inventory:

Hand Weapons
 a - a +1 falchion of freezing (weapon)
Armour
 b - a +0 leather armour (worn)
Scrolls
 h - a scroll of teleportation
 l - 3 scrolls of fear
Potions
 c - 3 potions of resistance
 e - a potion of invisibility
 f - 2 potions of heal wounds
 g - a potion of ambrosia
 j - 2 potions of flight
 m - 3 potions of curing
 o - a potion of might {unknown}


   Skills:
 - Level 3.0 Fighting
 + Level 6.9 Long Blades
 - Level 1.7 Armour
 - Level 0.8 Dodging
 - Level 2.4 Invocations


You had 5 spell levels left.
You didn't know any spells.
Your spell library was empty.

Dungeon Overview and Level Annotations

Branches:
Dungeon (4/15)              Sewer (visited)
 Temple: D:4-7

Altars:
Cheibriados
Ru

Shops:
D:2 [::   D:4 (

Annotations:
D:4 Blork the orc


Innate Abilities, Weirdness & Mutations

You have a pair of small horns on your head.
You are partially covered in slimy green scales. (AC +2)
You regenerate a little health from kills.


Message History

The water moccasin barely misses you.
You slash the water moccasin!
The water moccasin seems to slow down.
You freeze the water moccasin.
The water moccasin is heavily wounded.
You feel very sick. The water moccasin barely misses you.
You hit the water moccasin.
The water moccasin seems to slow down.
You freeze the water moccasin.
Your headbutt misses the water moccasin.
The water moccasin is heavily wounded.
You feel sick. The water moccasin closely misses you.
You closely miss the water moccasin.
The water moccasin is heavily wounded.
You feel sick.
You barely miss the water moccasin.
The water moccasin is heavily wounded.
You feel sick. The water moccasin bites you!
You miss the water moccasin.
The water moccasin is heavily wounded.
You feel sick. The water moccasin bites you!
* * * LOW HITPOINT WARNING * * *
You hit the water moccasin. You freeze the water moccasin.
The water moccasin is severely wounded.
You feel sick. The water moccasin closely misses you.
You hit the water moccasin. You freeze the water moccasin.
The water moccasin is severely wounded.
You feel sick. The water moccasin barely misses you.
You hit the water moccasin.
The water moccasin seems to slow down.
You freeze the water moccasin.
The water moccasin is almost dead.
You feel sick. The water moccasin bites you.
* * * LOW HITPOINT WARNING * * *
You are lethally poisoned!
The water moccasin poisons you!
You closely miss the water moccasin.
The water moccasin is almost dead.
* * * LOW HITPOINT WARNING * * *
You feel very sick. The water moccasin bites you!
You die...

#......#
##......###.
...........
#..>.......
#......... ..
#.......#
....##.......#
.............##
....##..@S...(#
. #........#
...........#
(..##...##..##
.. #...# ..# .
#.... ... #....
≈.≈ #.... ≈.≈


You could see a water moccasin (slow).

Vanquished Creatures
  A steam dragon (D:4)
  A water moccasin (D:3)
  Purgy (Sewer)
  A bullfrog skeleton (D:4)
  A hound (D:4)
  An iguana (D:4)
  3 adders
  A dart slug (D:1)
  An orc (D:4)
  8 ball pythons
  6 bats
  4 endoplasms
  5 giant cockroaches
  5 goblins
  4 hobgoblins
  3 jackals
  6 quokkas
  7 frilled lizards
  3 kobolds
  8 rats
70 creatures vanquished.

Vanquished Creatures (others)
  A jackal (D:1)
  4 plants (D:4)
5 creatures vanquished.

Grand Total: 75 creatures vanquished

Notes
Turn   | Place    | Note
-------+----------+-------------------------------------------
     0 | Abyss:1  | kae the Demonspawn Abyssal Knight began the quest for the
                  | Orb.
     0 | Abyss:1  | Reached XP level 1. HP: 18/18 MP: 2/2
    69 | Abyss:1  | Noticed a thrashing horror
    71 | D:1      | Escaped the Abyss
   181 | D:1      | Reached skill level 2 in Long Blades
   423 | D:1      | Found a faded altar of an unknown god.
   457 | D:1      | Gained mutation: You are partially covered in slimy green
                  | scales. (AC +2) [demonic ancestry]
   457 | D:1      | Reached XP level 2. HP: 24/24 MP: 3/3
   546 | D:1      | Reached * piety under Lugonu
   870 | D:1      | Reached skill level 3 in Long Blades
  1068 | D:2      | Found a snail-covered altar of Cheibriados.
  1210 | D:2      | Found Direhux's Book Emporium.
  1251 | D:2      | Found Limifane's Book Emporium.
  1257 | D:2      | Gained mutation: You regenerate a little health from kills.
                  | [demonic ancestry]
  1257 | D:2      | Reached XP level 3. HP: 25/29 MP: 4/4
  1492 | D:2      | Found Guipiesch's Armour Shop.
  2233 | D:3      | Reached XP level 4. HP: 31/35 MP: 5/5
  2264 | D:3      | Reached skill level 4 in Long Blades
  2312 | D:3      | Found a glowing drain.
  2312 | D:3      | Found a sacrificial altar of Ru.
  2321 | Sewer    | Entered a sewer
  2335 | Sewer    | Reached ** piety under Lugonu
  2516 | Sewer    | Noticed Purgy
  2530 | Sewer    | Killed Purgy
  2531 | Sewer    | Reached skill level 5 in Long Blades
  2531 | Sewer    | Gained mutation: You have a pair of small horns on your
                  | head. [demonic ancestry]
  2531 | Sewer    | Reached XP level 5. HP: 19/41 MP: 6/6
  2802 | D:3      | Noticed a water moccasin
  2832 | D:3      | Killed a water moccasin
  2833 | D:3      | Reached XP level 6. HP: 16/47 MP: 7/7
  3271 | D:4      | Found Loluf's Weapon Shop.
  3291 | D:4      | Reached skill level 6 in Long Blades
  3364 | D:4      | Identified the +1 robe "Kiahu" {rF+ Slay-5 SInv}
  3420 | D:4      | Noticed a steam dragon
  3432 | D:4      | Killed a steam dragon
  3712 | D:4      | Noticed Blork the orc
  3961 | D:4      | You fall into a shaft and drop 2 floors!
  3961 | D:6      | Noticed a water moccasin
  3977 | D:6      | Slain by a water moccasin

Illustrated notes

Levels and vault maps discovered:
D:1:      minmay_arrival_three_doors, layout_basic,
          shapermc_ecumenical_altar_notcrosses, lemuel_old_faithful
D:2:      layout_basic, basic_altar, serial_shops, nicolae_shop_crystal,
          shop_coins, shop
D:3:      layout_rooms, lemuel_doored_altar, cheibrodos_sewer_entry_drain
D:4:      layout_rooms, serial_shops, shop_fountains, serial_forest,
          infiniplex_forest_zigzag_1, infiniplex_forest_diagonal,
          infiniplex_forest_clump_long, infiniplex_forest_lined_room_2,
          infiniplex_forest_straight_3, infiniplex_forest_clump_medium,
          infiniplex_forest_end_1, infiniplex_forest_lined_ring,
          infiniplex_forest_clump_double, uniq_blork_the_orc
D:6:      layout_gridville, nemelex_dance_club_becter, minivault_14,
          grunt_ministairs_5, minmay_increasing_density

Skill      XL: |  1  2  3  4  5  6 |
---------------+-------------------+-----
Long Blades    | 2 3 5 6 |  6.9
Fighting       | |  3.0
Armour         | |  1.7
Dodging        | |  0.8
Invocations    | |  2.4

Action                   |  1- 3 |  4- 6 || total
-------------------------+-------+-------++-------
Melee: Falchion          |   114 |   133 ||   247
       Headbutt          |       |    15 ||    15
Invok: Depart the Abyss  |     1 |       ||     1
  Use: Scroll            |     8 |     6 ||    14
       Potion            |       |     3 ||     3
 Stab: Invisible         |       |     1 ||     1
       Sleeping          |       |     1 ||     1
Armor: Leather armour    |    55 |    32 ||    87
       Skin              |       |    18 ||    18
Dodge: Dodged            |    73 |    86 ||   159
       Rpst.: Falchion   |    28 |    21 ||    49

Table legend: (Time is in decaauts)
 A = Elapsed time spent in this place.
 B = Non-inter-level travel time spent in this place.
 C = Inter-level travel time spent in this place.
 D = Time resting spent in this place.
 E = Time spent auto-exploring this place.
 F = Levels seen in this place.
 G = Mean time per level.
                   A        B        C        D        E       F      G
               +--------+--------+--------+--------+--------+-----+--------+
         Total |   4047 |   3954 |     93 |    236 |   3111 |   7 |  578.1 |
       Dungeon |   3471 |   3378 |     93 |    234 |   2677 |   5 |  694.2 |
         Abyss |     71 |     71 |      0 |      0 |     69 |   1 |   71.0 |
         Sewer |    504 |    504 |      0 |      2 |    365 |   1 |  504.0 |
               +--------+--------+--------+--------+--------+-----+--------+

Top non-repeatable levels by time:
     D:3: 996 daAuts
     D:1: 994 daAuts
     D:2: 773 daAuts
     D:4: 692 daAuts
   Sewer: 504 daAuts
 Abyss:1: 71 daAuts
     D:6: 15 daAuts
